 Dungeon Crawl Stone Soup version 0.30.1-11-g7821555f0a (webtiles) character file.

Game seed: 11981092462897372187

7985 FakeRyeBread the Grappler (level 11, -2/106 HPs)
             Began as a Troll Fighter on Nov 15, 2023.
             Was a Follower of Wu Jian.
             Slain by a troll (6 damage)
             ... while petrified by a basilisk
             ... on level 8 of the Dungeon.
             The game lasted 00:21:32 (6839 turns).

FakeRyeBread the Grappler (Troll Fighter)           Turns: 6839, Time: 00:21:33

Health: -2/106     AC:  7    Str: 26    XL:     11   Next: 4%
Magic:  10/10      EV:  1    Int:  8    God:    Wu Jian [*.....]
Gold:   597        SH:  0    Dex:  9    Spells: 10/10 levels left

rFire   . .          .
                       - Unarmed
rCold   + . .        b - +0 kite shield
rNeg    + + +        u - +0 troll leather armour
rPois   ∞            e - +1 hat
rElec   .            (no cloak)
rCorr   .            (gloves unavailable)
SInv    .            (boots unavailable)
Will    .....        (no amulet)
Stlth   +            h - ring of positive energy
HPRegen 1.97/turn    w - ring of protection from cold
MPRegen 0.12/turn

%: no passive effects
@: mighty, petrified
A: large, unfitting armour, claws 3, regeneration 1, shaggy fur 1, tough skin 1
a: Renounce Religion


You were on level 8 of the Dungeon.
You worshipped Wu Jian.
Wu Jian was aware of your devotion.
You visited 2 branches of the dungeon, and saw 10 of its levels.
You also visited: Sewer.

You collected 687 gold pieces.
You spent 90 gold pieces at shops.

Inventory:

Missiles
 a - 47 poisoned darts
 m - 2 boomerangs (quivered)
 n - a throwing net
 o - 103 stones
 C - 2 curare-tipped darts
Armour
 b - a +0 kite shield (worn)
 e - a +1 hat (worn)
 u - a +0 troll leather armour (worn)
 x - +0 steam dragon scales
Jewellery
 h - a ring of positive energy (left claw)
 q - an amulet of magic regeneration
 w - a ring of protection from cold (right claw)
 D - the amulet "Doad" {Reflect rElec rCorr SH+5}
   (You took it off an orc wizard on level 9 of the Dungeon)

   [amulet of reflection]

   It reflects blocked missile attacks.
   rElec:     It insulates you from electricity.
   rCorr:     It protects you from acid and corrosion.
   SH:        It affects your SH (+5).
Wands
 j - a wand of flame (7)
 z - a wand of polymorph (2)
 B - a wand of charming (6)
Scrolls
 p - 4 scrolls of teleportation
 s - a scroll of fear
 v - 2 scrolls of fog
 y - a scroll of summoning
 A - a scroll of magic mapping
Potions
 c - 2 potions of might
 d - a potion of brilliance
 f - a potion of flight
 g - 2 potions of curing
 i - 3 potions of lignification
 k - 2 potions of resistance
 l - 3 potions of mutation
 r - 2 potions of ambrosia {unknown}
 t - 5 potions of degeneration


   Skills:
 + Level 6.3 Fighting
 - Level 1.0 Throwing
 - Level 2.6 Armour
 + Level 5.2 Dodging
 + Level 7.4 Shields
 * Level 12.1 Unarmed Combat


You had 10 spell levels left.
You didn't know any spells.
Your spell library contained the following spells:

 Spells                   Type           Power      Damage    Failure   Level
 Foxfire                  Conj/Fire      0%         2x1d4     65%         1
 Kiss of Death            Conj/Necr      0%         2d5       65%         1
 Necrotise                Necr           0%         1d4       65%         1
 Sting                    Tmut/Pois      0%         1d3       65%         1
 Poisonous Vapours        Pois/Air       0%         N/A       80%         2
 Confusing Touch          Hex            0%         N/A       95%         3
 Vampiric Draining        Necr           0%         2d6       95%         3
 Dispel Undead            Necr           0%         3d6       100%        4
 Olgreb's Toxic Radiance  Pois           0%         N/A       100%        4
 Agony                    Necr           0%         N/A       100%        5
 Blade Hands              Tmut           0%         N/A       100%        5
 Fireball                 Conj/Fire      0%         3d3       100%        5
 Irradiate                Conj/Tmut      0%         3d11      100%        5
 Plasma Beam              Fire/Air       0%         2x1d11    100%        6
 Starburst                Conj/Fire      0%         6d3       100%        6
 Dragon Form              Tmut           0%         N/A       100%        7


Dungeon Overview and Level Annotations

Branches:
Dungeon (9/15)             Temple (1/1) D:5            Lair (0/5) D:9
  Sewer (visited)
    Orc: D:9-12

Altars:
Ashenzari
Cheibriados
Dithmenos
Elyvilon
Fedhas
Gozag
Hepliaklqana
Kikubaaqudgha
Makhleb
Nemelex Xobeh
Okawaru
Qazlal
Ru
Sif Muna
Trog
Uskayaw
Vehumet
Wu Jian
Xom
Yredelemnul
Zin
The Shining One

Shops:
D:3 *


Innate Abilities, Weirdness & Mutations

You are too large for most types of armour.
You have claws for hands.
Your natural rate of healing is unusually fast.
You are covered in fur. (AC +1)
You have tough skin. (AC +1)


Message History

The orb of destruction hits you!!! The troll bites you!
The troll claws you but does no damage. The troll claws you!
Your limbs are stiffening.
You climb upwards.
You have turned to stone.
The troll bites you! The troll claws you but does no damage.
The troll claws you!
* * * LOW HITPOINT WARNING * * *
The troll bites you.
* * * LOW HITPOINT WARNING * * *
The troll claws you.
* * * LOW HITPOINT WARNING * * *
The troll claws you.
* * * LOW HITPOINT WARNING * * *
The troll bites you but does no damage. The troll claws you!
* * * LOW HITPOINT WARNING * * *
The troll claws you but does no damage. The troll bites you but does no damage.
The troll claws you!
* * * LOW HITPOINT WARNING * * *
The troll claws you.
* * * LOW HITPOINT WARNING * * *
The troll bites you!
* * * LOW HITPOINT WARNING * * *
The troll claws you but does no damage. The troll claws you.
* * * LOW HITPOINT WARNING * * *
The troll bites you!
* * * LOW HITPOINT WARNING * * *
The troll claws you!
* * * LOW HITPOINT WARNING * * *
The troll claws you.
* * * LOW HITPOINT WARNING * * *
The troll bites you but does no damage. The troll claws you!
* * * LOW HITPOINT WARNING * * *
The troll claws you but does no damage. The troll bites you!
* * * LOW HITPOINT WARNING * * *
The troll claws you but does no damage. x2
The troll bites you. The troll claws you.
* * * LOW HITPOINT WARNING * * *
The troll claws you!
You die...

#...## ##.#... ##......
##....... ### #####........
##.####.#.......>..
##....#..#..........
##...T#..............
#...@.#..............
#...#...............# ###
###...#..........)..# ##.##
##..#....[.....)... #...#
##................ ##...#
#......[###...... ##....#
#.....))####..... ##.##.####
##.....)<..#......
#........###.................


You could see a troll.

Vanquished Creatures
  A two-headed ogre (D:9)
  A cyclops (D:9)
  An ugly thing (D:9)
  An elephant (D:9)
  A gargoyle (D:9)
  Psyche (D:8)
  2 hornets (D:9)
  A slime creature (D:9)
  A yak (D:9)
  3 wyverns
  A shadow (D:6)
  A steam dragon (D:7)
  A basilisk (D:9)
  3 water moccasins
  2 orc warriors (D:9)
  2 black bears
  2 sky beasts (D:7)
  3 ogres
  A boggart (D:9)
  5 centaurs
  A phantom (D:6)
  5 kobold brigands
  4 bullfrogs
  3 scorpions
  2 gnoll sergeants (D:9)
  4 wights
  4 killer bees (D:7)
  A howler monkey (D:5)
  A jelly (D:7)
  4 hounds
  A sleepcap (D:7)
  4 orc priests
  3 gnoll boudas
  4 iguanas
  A scorpion zombie (D:4)
  Natasha (D:4)
  8 orc wizards
  2 scorpion simulacra (D:4)
  A hound skeleton (D:4)
  15 gnolls
  9 adders
  A river rat (D:6)
  4 shadow imps
  2 white imps
  An adder zombie (D:4)
  An adder skeleton (D:4)
  3 dart slugs
  2 worms
  23 orcs
  4 bats
  6 endoplasms
  2 giant cockroaches
  5 goblins
  7 hobgoblins
  7 jackals
  40 kobolds
  4 quokkas
  6 ball pythons
  2 frilled lizards (D:3)
  4 rats
  A butterfly (D:5)
237 creatures vanquished.

Notes
Turn   | Place    | Note
-------+----------+-------------------------------------------
     0 | D:1      | FakeRyeBread the Troll Fighter began the quest for the Orb.
     0 | D:1      | Reached XP level 1. HP: 22/22 MP: 0/0
    23 | D:1      | Reached XP level 2. HP: 24/29 MP: 1/1
   401 | D:1      | Reached XP level 3. HP: 36/36 MP: 2/2
   830 | D:2      | Reached skill level 3 in Unarmed Combat
  1137 | D:3      | Reached XP level 4. HP: 44/44 MP: 3/3
  1346 | D:3      | Reached XP level 5. HP: 52/52 MP: 4/4
  1400 | D:3      | Reached skill level 4 in Unarmed Combat
  1428 | D:3      | Found an opulent altar of Gozag.
  1436 | D:3      | Found Gozag's Platinum Reserve.
  1936 | D:3      | Reached skill level 1 in Armour
  1997 | D:4      | Found a stormy altar of Qazlal.
  2055 | D:4      | Reached XP level 6. HP: 59/59 MP: 5/5
  2253 | D:4      | Reached skill level 5 in Unarmed Combat
  2362 | D:4      | Found Zin's Purification Station.
  2366 | D:4      | Found a glowing silver altar of Zin.
  2369 | D:4      | Bought a potion of curing for 90 gold pieces
  2437 | D:4      | Noticed Natasha
  2445 | D:4      | Killed Natasha
  2491 | D:4      | Identified the +4 dagger "Luroocy" {pain, Fly rElec rC-
                  | Will++}
  2715 | D:5      | Entered Level 5 of the Dungeon
  2722 | D:5      | Reached XP level 7. HP: 65/67 MP: 6/6
  2728 | D:5      | Reached skill level 6 in Unarmed Combat
  2913 | D:5      | Reached skill level 7 in Unarmed Combat
  2955 | D:5      | Found a white marble altar of Elyvilon.
  3006 | D:5      | Found a staircase to the Ecumenical Temple.
  3013 | Temple   | Entered the Ecumenical Temple
  3470 | D:5      | Found an ancient bone altar of Kikubaaqudgha.
  3470 | D:5      | Found a shimmering blue altar of Sif Muna.
  3664 | D:6      | Reached skill level 1 in Throwing
  3664 | D:6      | Reached XP level 8. HP: 75/75 MP: 7/7
  3908 | D:6      | Reached skill level 8 in Unarmed Combat
  4138 | D:6      | Found a glowing drain.
  4161 | Sewer    | Entered a sewer
  4310 | D:6      | Reached skill level 5 in Shields
  4764 | D:7      | Noticed a +0 dagger
  4764 | D:7      | Noticed a +0 hand axe
  4767 | D:7      | Found a hide-covered altar of Uskayaw.
  4820 | D:7      | Reached skill level 9 in Unarmed Combat
  4896 | D:7      | Reached XP level 9. HP: 64/84 MP: 8/8
  5118 | D:7      | Found a sparkling altar of Nemelex Xobeh.
  5118 | D:7      | Found an iron altar of Okawaru.
  5119 | D:7      | Found a broken altar of Ashenzari.
  5142 | D:7      | Found a snail-covered altar of Cheibriados.
  5446 | D:8      | Reached skill level 10 in Unarmed Combat
  5599 | D:8      | Noticed Psyche
  5632 | D:8      | Killed Psyche
  5633 | D:8      | Reached skill level 5 in Fighting
  5903 | D:8      | Found a sacrificial altar of Ru.
  6089 | D:9      | Noticed an elephant
  6106 | D:9      | Killed an elephant
  6107 | D:9      | Reached XP level 10. HP: 65/96 MP: 9/9
  6139 | D:9      | Found a staircase to the Lair.
  6199 | D:9      | Found an ornate altar of the Wu Jian Council.
  6207 | D:9      | Became a worshipper of the Wu Jian Council
  6281 | D:9      | Reached skill level 11 in Unarmed Combat
  6347 | D:9      | Noticed a two-headed ogre
  6358 | D:9      | Killed a two-headed ogre
  6442 | D:9      | Identified the amulet "Doad" {Reflect rElec rCorr SH+5}
  6529 | D:9      | Noticed a cyclops
  6543 | D:9      | Killed a cyclops
  6544 | D:9      | Reached skill level 5 in Dodging
  6544 | D:9      | Reached * piety under Wu Jian
  6545 | D:9      | Noticed a gargoyle
  6576 | D:9      | Noticed a manticore
  6581 | D:9      | Noticed a brown ugly thing
  6718 | D:9      | Noticed a red ugly thing
  6756 | D:9      | Killed a brown ugly thing
  6757 | D:9      | Reached skill level 12 in Unarmed Combat
  6803 | D:9      | a dream sheep changed into an orb spider
  6803 | D:9      | Noticed an orb spider (shapeshifter)
  6806 | D:9      | Killed a gargoyle
  6807 | D:9      | Reached XP level 11. HP: 67/106 MP: 10/10
  6838 | D:8      | HP: 5/106 [troll (5)]
  6839 | D:8      | Slain by a troll

Illustrated notes

Levels and vault maps discovered:
D:1:      psy_arrival_dodecagon, layout_rooms
D:2:      layout_rooms
D:3:      layout_loops_ring, nicolae_gozag_zags_fifth_avenue, serial_bayou,
          serial_bayou_lagoon_b, serial_bayou_pond_e, serial_bayou_pond_d,
          serial_bayou_shore_b, minmay_box_of_dots
D:4:      layout_loops_ring, zin_purify, nicolae_qazlal_eye_of_the_storm,
          dilly_guarded_unrand_morg
D:5:      layout_basic, mainiacjoe_overflow_surrounded_room,
          gammafunk_temple_overflow_elements, minmay_temple_entry_butterflies,
          grunt_decor_one_mirror
D:6:      kennysheep_kobold_camp, layout_loops_ring, portal_sewer_entry_a
D:7:      layout_rooms, dancing_weapons_uskayaw,
          nicolae_overflow_quartered_altars
D:8:      layout_cave_pools, mainiacjoe_overflow_small_starburst,
          skrybe_limestone_x, uniq_psyche
D:9:      minmay_the_grid_octo_triangle [minmay_the_grid_octo_clover_2,
          minmay_the_grid_octo_prize_big_c, minmay_the_grid_octo_checkered],
          layout_basic, nicolae_overflow_crystal_walls, david_lair_generic,
          serial_bayou_pond_b, chequers_serial_rivers_micro_c, minivault_23,
          serial_park_tiny_1, chequers_serial_rivers_marsh, minivault_28
Temple:   chequers_temple_sunken

Skill      XL: |  1  2  3  4  5  6  7  8  9 10 |
---------------+-------------------------------+-----
Shields        | 3 4 5 6 7 |  7.4
Unarmed Combat | 3 4 5 7 9 10 12 | 12.1
Armour         | 1 2 |  2.6
Fighting       | 3 4 5 6 |  6.3
Throwing       | 1 |  1.0
Dodging        | 3 5 |  5.2

Action                     |  1- 3 |  4- 6 |  7- 9 | 10-12 || total
---------------------------+-------+-------+-------+-------++-------
  Melee: Unarmed           |    70 |   151 |   418 |   137 ||   776
  Throw: Stone             |     1 |       |       |       ||     1
         Boomerang         |       |    13 |     5 |     4 ||    22
Ability: Lunge             |       |       |       |     9 ||     9
         Whirlwind         |       |       |       |     2 ||     2
    Use: Scroll            |     9 |     3 |     6 |       ||    18
         Potion            |       |       |       |     4 ||     4
 Armour: Robe              |    15 |       |       |       ||    15
         Troll leather arm |       |    59 |   125 |    51 ||   235
         Skin              |       |       |    15 |     3 ||    18
  Dodge: Dodged            |    19 |    74 |   117 |    55 ||   265
  Block: Kite shield       |    14 |    68 |   169 |    69 ||   320
